AoeStats
← Iguano Pop

Arabian Desert

508606709Analyzed
1v1 RM · 9d ago on Sep 23, 2026· 50m 44s· 2 players
Game mode
Random Map
Map size
Tiny (2 player)
Population
200
Speed
Normal
Resources
Standard
Victory
Conquest
Starting age
Dark Age
Ending age
Imperial Age
RankedLock teamsTeams togetherTeam positionsShared explorationLock speedFull tech treeHidden civsTurbo modeCheats
Victory
Defeat
🇲🇽 Bengalis · Mexico
1308
+18
🇳🇴 Danes · Norway
1344
-18
Iguano Pop
7:05 Loom
9:13 Feudal Age
12:21 Double-Bit Axe
14:18 Town Watch
14:48 Fletching
16:11 Padded Archer Armor
18:15 Wheelbarrow
24:11 Castle Age
22:08 Gold Mining
23:58 Scale Barding Armor
24:36 Bloodlines
24:20 Crossbowman
24:56 Bodkin Arrow
27:12 Ballistics
37:36 Imperial Age
36:58 Chain Barding Armor
36:18 Light Cavalry
38:20 Forging
39:11 Husbandry
40:28 Bracer
42:22 Horse Collar
46:52 Paiks
47:17 Leather Archer Armor
49:00 Ring Archer Armor
50:24 Plate Barding Armor
BingoBente
9:44 Feudal Age
10:02 Man-at-Arms
10:29 Loom
10:34 Double-Bit Axe
14:05 Horse Collar
14:56 Fletching
16:12 Padded Archer Armor
23:05 Castle Age
23:58 Bow Saw
24:06 Bodkin Arrow
24:04 Elite Skirmisher
25:54 Forging
26:57 Gold Mining
32:54 Ballistics
37:38 Thumb Ring
43:32 Imperial Age
42:44 Heavy Plow
46:29 Town Watch
47:43 Pikeman
48:25 Squires
50:07 Wheelbarrow
Connection lost

Rejoining the realm…

Still unreachable

The connection could not be restored.

Session expired

The server has moved on; the page needs a fresh start.